 Dungeon Crawl Stone Soup version 0.30-a0-310-g7d6cbdfea6 (webtiles) character file.

Game seed: 5560084687443172285

45 IdlyInterested the Covered (level 3, 0/26 HPs)
             Began as a Demonspawn Wanderer on Oct 24, 2022.
             Slain by Sigmund
             ... wielding a +0 scythe
              (7 damage)
             ... on level 2 of the Dungeon.
             The game lasted 00:03:52 (1266 turns).

IdlyInterested the Covered (Demonspawn Wanderer)    Turns: 1266, Time: 00:03:53

Health: 0/26       AC:  6    Str: 17 (18) XL:     3   Next: 42%
Magic:  4/4        EV: 10    Int: 12 (13) God:
Gold:   55         SH:  4    Dex:  8      Spells: 4/4 levels left

rFire   . . .      SeeInvis .    a - +1 war axe
rCold   . . .      Faith    .    (no shield)
rNeg    . . .      Spirit   .    c - +0 ring mail
rPois   .          Reflect  .    (no helmet)
rElec   .          Harm     .    n - +0 cloak
rCorr   .          Rampage  .    (no gloves)
Will    +....                    (no boots)
Stlth   ..........               m - amulet of regeneration
HPRegen 1.04/turn                f - ring of willpower
MPRegen 0.09/turn                (no ring)

@: invisible
A: condensation shield
a: no special abilities


You were on level 2 of the Dungeon.
You visited 1 branch of the dungeon, and saw 2 of its levels.

You collected 55 gold pieces.

Inventory:

Hand Weapons
 a - a +1 war axe (weapon)
Armour
 c - a +0 ring mail (worn)
 n - a +0 cloak (worn)
Jewellery
 f - a ring of willpower (left hand)
 m - an amulet of regeneration (around neck)
Wands
 p - a wand of charming (11)
Potions
 o - a potion of brilliance {unknown}


   Skills:
 + Level 1.2 Fighting
 + Level 3.1 Axes
 * Level 3.5 Armour
 - Level 1.0 Spellcasting
 - Level 3.0 Evocations


You had 4 spell levels left.
You didn't know any spells.
Your spell library contained the following spells:

 Spells                   Type           Power      Damage    Failure   Level
 Sting                    Tmut/Pois      0%         1d3       47%         1
 Poisonous Vapours        Pois/Air       0%         N/A       63%         2
 Ozocubu's Armour         Ice            0%         N/A       85%         3
 Olgreb's Toxic Radiance  Pois           0%         N/A       99%         4
 Ozocubu's Refrigeration  Ice            0%         4d7       100%        7


Dungeon Overview and Level Annotations

Branches:
Dungeon (2/15)

Altars:

Annotations:
D:2 Sigmund


Innate Abilities, Weirdness & Mutations

A meltable shield of frost defends you. (SH +4)


Message History

* * * LOW HITPOINT WARNING * * *
Cleave: a) +1 war axe
Press: ? - help, Dir - move target, f - you
Okay, then.
You feel better. Something hits you but does no damage.
You barely miss something. You closely miss something.
You hear some strange, mumbled words.
A magic dart appears from out of thin air!
The magic dart hits you. Something hits you.
* * * LOW HITPOINT WARNING * * *
It was a potion of heal wounds.
You feel much better.
You closely miss something. Something hits you.
You closely miss something. Something hits you but does no damage.
You hit something.
Your icy envelope is restored.
The adder is no longer charmed.
The adder bites you. Something hits you but does no damage.
The adder misses you.
You barely miss something. You closely miss the adder.
The adder barely misses you. Something hits you but does no damage.
The adder bites you but does no damage.
You closely miss something. You miss the adder.
The adder bites you but does no damage. You block something's attack.
You closely miss something. You closely miss the adder. The adder misses you.
The adder barely misses you. Something hits you but does no damage.
You hit something. You barely miss the adder. You block the adder's attack.
The adder bites you.
You closely miss something. You barely miss the adder. Something hits you.
You block the adder's attack.
You hit something. You miss the adder. The adder bites you but does no damage.
Something hits you! The adder barely misses you.
You miss something. You hit the adder.
You kill the adder!
Something hits you!
* * * LOW HITPOINT WARNING * * *
It was a potion of invisibility.
You fade into invisibility!
Something hits you but does no damage.
You closely miss something. Something hits you!
You die...

#..# #..# ...# #..####
##..... ....# ## #...#
#. #...###@..###...
.#### ......{.........
..... ...####†......#.
.....
...####...###.#.########
....................
...####.#.#####.....
#.........#..## #
..######.#######...# #
...............#.#.##..


There were no monsters in sight!

Vanquished Creatures
  2 adders (D:2)
  A dart slug (D:2)
  3 endoplasms
  2 giant cockroaches
  2 hobgoblins
  2 jackals (D:1)
  9 ball pythons
  3 bats (D:1)
  2 frilled lizards
  A goblin (D:1)
  2 kobolds (D:1)
  2 rats (D:2)
31 creatures vanquished.

Vanquished Creatures (collateral kills)
  A frilled lizard (D:2)
1 creature vanquished.

Grand Total: 32 creatures vanquished

Notes
Turn   | Place    | Note
-------+----------+-------------------------------------------
     0 | D:1      | IdlyInterested the Demonspawn Wanderer began the quest for
                  | the Orb.
     0 | D:1      | IdlyInterested set off with the following items: a +0 war
                  | axe, a potion of curing, a +0 ring mail, a potion of
                  | lignification.
     0 | D:1      | Reached XP level 1. HP: 13/13 MP: 2/2
   304 | D:1      | Gained mutation: A meltable shield of frost defends you.
                  | (SH +4) [demonic ancestry]
   304 | D:1      | Reached XP level 2. HP: 20/20 MP: 3/3
  1096 | D:2      | Reached skill level 1 in Fighting
  1142 | D:2      | Reached XP level 3. HP: 26/26 MP: 4/4
  1231 | D:2      | Noticed Sigmund
  1266 | D:2      | Slain by Sigmund

Illustrated notes

Levels and vault maps discovered:
D:1:      minmay_arrival_four_loops, layout_basic
D:2:      layout_basic, basic_altar, nicolae_elevator_lobby_asterisk,
          uniq_robin, uniq_sigmund, uniq_terence

Skill      XL: |  1  2 |
---------------+-------+-----
Armour         | 3 |  3.5
Fighting       | 1 |  1.2
Axes           | 3 |  3.1
Spellcasting   | |  1.0
Evocations     | |  3.0

Action                   || total
-------------------------++-------
Melee: War axe           ||   104
Evoke: Wand              ||     2
  Use: Scroll            ||     4
       Potion            ||     5
Armor: Ring mail         ||    64
Dodge: Dodged            ||    61
Block: Other             ||    13

Table legend: (Time is in decaauts)
 A = Elapsed time spent in this place.
 B = Non-inter-level travel time spent in this place.
 C = Inter-level travel time spent in this place.
 D = Time resting spent in this place.
 E = Time spent auto-exploring this place.
 F = Levels seen in this place.
 G = Mean time per level.
                   A        B        C        D        E       F      G
               +--------+--------+--------+--------+--------+-----+--------+
         Total |   1301 |   1156 |    145 |    155 |    656 |   2 |  650.5 |
       Dungeon |   1301 |   1156 |    145 |    155 |    656 |   2 |  650.5 |
               +--------+--------+--------+--------+--------+-----+--------+

Top non-repeatable levels by time:
     D:1: 950 daAuts
     D:2: 350 daAuts
